 Dungeon Crawl Stone Soup version 0.26.1-16-g4e020e15dc (webtiles) character file.

Game seed: 11265438329524408348

306 Twinkles the Vandal (level 6, -1/42 HPs)
             Began as a Halfling Arcane Marksman on Mar 12, 2023.
             Slain by a killer bee (6 damage)
             ... on level 7 of the Dungeon.
             The game lasted 00:08:01 (4127 turns).

Twinkles the Vandal (Halfling Arcane Marksman)      Turns: 4127, Time: 00:08:02

Health: -1/42      AC:  7    Str: 13    XL:     6   Next: 67%
Magic:  7/7        EV: 14    Int: 11    God:
Gold:   171        SH:  0    Dex: 21    Spells: 6/7 levels left

rFire    . . .     SeeInvis .   s - -1 hunting sling (curse)
rCold    . . .     Faith    .   (shield restricted)
rNeg     . . .     Spirit   .   q - +0 scale mail
rPois    .         Reflect  .   (no helmet)
rElec    .         Harm     .   v - +0 cloak
rCorr    .         Rampage  .   (no gloves)
Will     .....                  (no boots)
Stlth    ..........             (no amulet)
HPRegen  0.14/turn              l - +6 ring of dexterity
MPRegen  0.10/turn              (no ring)

@: lethally poisoned (-1 -> -4)
A: small, mutation resistance 1
a: no special abilities


You were on level 7 of the Dungeon.
You visited 1 branch of the dungeon, and saw 5 of its levels.

You collected 171 gold pieces.

Inventory:

Hand Weapons
 a - a +0 hunting sling
 s - a cursed -1 hunting sling (weapon)
 w - a +0 short sword
Missiles
 b - 45 stones (quivered ammo)
 d - 34 sling bullets
 n - 4 curare-tipped darts
 t - 29 poisoned darts
Armour
 e - a +0 robe
 q - a +0 scale mail (worn)
 v - a +0 cloak (worn)
Jewellery
 l - a +6 ring of dexterity (left hand)
 x - a cursed amulet of inaccuracy {unknown}
 y - an uncursed ring of protection from fire {unknown}
Scrolls
 f - 4 scrolls of identify
 g - a scroll of magic mapping {unknown}
 h - 2 scrolls of blinking {unknown}
 k - 2 scrolls of enchant armour {unknown}
 m - a scroll of fear {unknown}
 p - a scroll of random uselessness {unknown}
 r - 2 scrolls of teleportation {unknown}
 u - 2 scrolls of remove curse {unknown}
 B - a scroll of enchant weapon {unknown}
Potions
 c - a potion of resistance {unknown}
 i - 2 potions of heal wounds
 j - a potion of mutation {unknown}
 o - a potion of invisibility {unknown}
 z - a potion of flight {unknown}
 A - 2 potions of brilliance {unknown}
 C - 2 potions of berserk rage {unknown}


   Skills:
 + Level 3.2 Fighting
 + Level 5.9 Slings
 + Level 4.5 Dodging
 - Level 1.0 Spellcasting
 - Level 2.4 Hexes


You had 6 spell levels left.
You knew the following spells:

 Your Spells              Type           Power        Failure   Level
a - Corona                Hex            5%           52%         1

Your spell library contained the following spells:

 Spells                   Type           Power        Failure   Level
 Slow                     Hex            5%           67%         2
 Inner Flame              Hex/Fire       3%           96%         3
 Portal Projectile        Hex/Tloc       6%           96%         3
 Cause Fear               Hex            2%           99%         4
 Leda's Liquefaction      Hex/Erth       1%           100%        4


Dungeon Overview and Level Annotations

Branches:
Dungeon (4/15)
 Temple: D:4-7

Altars:
Okawaru
Sif Muna
Trog


Innate Abilities, Weirdness & Mutations

You are small and have problems with some larger weapons.
You are somewhat resistant to further mutation.


Message History

Fire: 48 stones
Press: ? - help, Q - select action, (/) - cycle Shift-Dir - straight line, f/p - killer bee
Aim: a killer bee (severely wounded, 38% to hit)
You shoot a stone. The stone barely misses the killer bee.
The stone misses the killer bee.
The killer bee closely misses you. The killer bee stings you!
* * * LOW HITPOINT WARNING * * *
Fire: 47 stones
Press: ? - help, Q - select action, (/) - cycle Shift-Dir - straight line, f/p - killer bee
Aim: a killer bee (severely wounded, 38% to hit)
You shoot a stone. The stone hits the killer bee.
You kill the killer bee!
The killer bee closely misses you.
Fire: 46 stones
Press: ? - help, Q - select action, (/) - cycle Shift-Dir - straight line, f - killer bee
Aim: a killer bee (heavily wounded, 38% to hit)
You shoot a stone. The stone hits the killer bee!
The killer bee is almost dead.
The killer bee stings you.
You die...

####..#####
##....)#
#####)#
#)## #..#
##.# #.#
#.#### #
#.@yF#.###
####yy...#
#.....#
#.....#
#.....#
$.?.....
#......##
.$.....#
#.....(.


You could see a bullfrog and 3 killer bees.

Vanquished Creatures
  A killer bee (D:7)
  A howler monkey (D:3)
  2 orc wizards
  A worker ant (D:4)
  4 adders
  A shadow imp (D:3)
  A white imp (D:3)
  2 worms (D:3)
  2 dart slugs
  2 leopard geckos (D:1)
  10 orcs
  6 bats
  A giant cockroach (D:3)
  6 goblins
  5 hobgoblins
  8 jackals
  11 kobolds
  A quokka (D:3)
  5 frilled lizards
  6 rats
76 creatures vanquished.

Vanquished Creatures (others)
  2 plants (D:2)
2 creatures vanquished.

Grand Total: 78 creatures vanquished

Notes
Turn   | Place    | Note
-------+----------+-------------------------------------------
     0 | D:1      | Twinkles the Halfling Arcane Marksman began the quest for
                  | the Orb.
     0 | D:1      | Reached XP level 1. HP: 12/12 MP: 2/2
     9 | D:1      | Reached skill level 1 in Fighting
    97 | D:1      | Reached XP level 2. HP: 18/18 MP: 3/3
   302 | D:1      | Reached XP level 3. HP: 20/23 MP: 4/4
   902 | D:2      | Reached skill level 4 in Slings
  1213 | D:2      | Reached XP level 4. HP: 29/29 MP: 5/5
  1814 | D:3      | HP: 6/29 [white imp/puff of frost (7)]
  2295 | D:3      | Reached XP level 5. HP: 35/35 MP: 6/6
  2399 | D:3      | Reached skill level 5 in Slings
  3318 | D:3      | Found a shimmering blue altar of Sif Muna.
  3480 | D:3      | HP: 10/35 [poisoned by an adder]
  3483 | D:3      | HP: 4/35 [poisoned by an adder]
  3489 | D:3      | HP: 1/36 [poisoned by an adder]
  3747 | D:4      | Reached XP level 6. HP: 40/41 MP: 7/7
  3811 | D:4      | Found a bloodstained altar of Trog.
  3811 | D:4      | Found an iron altar of Okawaru.
  3867 | D:4      | You fall into a shaft and drop 3 floors!
  4121 | D:7      | HP: 12/42 [poisoned by a killer bee]
  4125 | D:7      | HP: 4/42 [killer bee (7)]
  4127 | D:7      | Slain by a killer bee

Illustrated notes

Levels and vault maps discovered:
D:1:      ebering_trefoil_3fold, layout_rooms
D:2:      layout_loops_corners, serial_bayou_ford_a
D:3:      layout_loops_ring, tgw_sif, chequers_serial_rivers_small_3
D:4:      minmay_clustersquares, layout_gridville,
          grunt_temple_overflow_bloody_war
D:7:      layout_rooms

Skill      XL: |  1  2  3  4  5  6 |
---------------+-------------------+-----
Fighting       | 1 2 3 |  3.2
Slings         | 4 5 |  5.9
Dodging        | 3 4 |  4.5
Spellcasting   | |  1.0
Hexes          | |  2.4

Action                   |  1- 3 |  4- 6 || total
-------------------------+-------+-------++-------
 Fire: Hunting sling     |   110 |   291 ||   401
  Use: Scroll            |       |     1 ||     1
       Potion            |       |     1 ||     1
Armor: Robe              |     6 |       ||     6
       Scale mail        |       |    56 ||    56
Dodge: Dodged            |    25 |   139 ||   164
